 Dungeon Crawl Stone Soup version 0.27.1-3-gb3d3a73c9e (webtiles) character file.

Game seed: 14984236964267031193

41 BinkBink the Twirler (level 3, -1/27 HPs)
             Began as a Demonspawn Gladiator on Oct 31, 2021.
             Was a Follower of Yredelemnul.
             Killed from afar by Terence (9 damage)
             ... with a puff of flame
             ... on level 2 of the Dungeon.
             The game lasted 00:06:51 (1837 turns).

BinkBink the Twirler (Demonspawn Gladiator)         Turns: 1837, Time: 00:06:51

Health: -1/27      AC:  4    Str: 14    XL:     3   Next: 32%
Magic:  3/3        EV: 12    Int:  9    God:    Yredelemnul [*.....]
Gold:   64         SH:  0    Dex: 15    Spells: 2/2 levels left

rFire    . . .     SeeInvis .   a - +0 quarterstaff
rCold    . . .     Faith    .   (shield currently unavailable)
rNeg     . . .     Spirit   .   b - +0 leather armour
rPois    .         Reflect  .   c - +0 helmet
rElec    .         Harm     .   (no cloak)
rCorr    .         Rampage  .   (no gloves)
Will     .....                  (no boots)
Stlth    +.........             (no amulet)
HPRegen  0.09/turn              (no ring)
MPRegen  0.08/turn              (no ring)

@: no status effects
A: demonic magic 1
a: Renounce Religion, Animate Remains


You were on level 2 of the Dungeon.
You worshipped Yredelemnul.
Yredelemnul was aware of your devotion.
You visited 1 branch of the dungeon, and saw 2 of its levels.

You collected 64 gold pieces.

Inventory:

Hand Weapons
 a - a +0 quarterstaff (weapon)
 i - a +2 hunting sling of flaming
Missiles
 d - 3 throwing nets (quivered)
 j - 39 stones
Armour
 b - a +0 leather armour (worn)
 c - a +0 helmet (worn)
Scrolls
 k - 2 scrolls of teleportation {unknown}
 l - a scroll of amnesia {unknown}
 m - a scroll of magic mapping {unknown}
 n - a scroll of identify {unknown}
Potions
 e - a potion of haste {unknown}
 f - a potion of curing {unknown}
 g - a potion of resistance {unknown}
 h - a potion of degeneration {unknown}


   Skills:
 + Level 2.0 Fighting
 + Level 3.4 Staves
 + Level 1.9 Throwing
 + Level 0.9 Armour
 + Level 3.0 Dodging
 + Level 0.1 Stealth


You had 2 spell levels left.
You didn't know any spells.
Your spell library was empty.

Dungeon Overview and Level Annotations

Branches:
Dungeon (2/15)

Altars:
Yredelemnul

Annotations:
D:2 Terence


Innate Abilities, Weirdness & Mutations

Spells you cast may paralyse adjacent enemies.


Message History

You kill the ball python!
Yredelemnul accepts your kill.
No target in view!
Found a scroll labelled ZOUTHR ISOL and a dagger.
Found 15 gold pieces.
n - a scroll labelled ZOUTHR ISOL You now have 64 gold pieces (gained 15).
A ball python comes into view.
Found 26 stones.
A goblin comes into view. It is wielding a +0 club.
Terence the Incautious comes into view.
He is wielding a +0 hand axe and carrying a wand of flame (21).
Found a stone staircase leading down.
The goblin shouts!
You hit the ball python.
You kill the ball python!
Yredelemnul accepts your kill.
Terence zaps a wand.
The puff of flame hits you. The goblin misses you.
Terence bares his teeth.
Terence misses you.
You see here a ball python corpse.
You sock the goblin!
You kill the goblin!
Yredelemnul accepts your kill.
You hit Terence.
Terence is lightly wounded.
Terence hits you with a +0 hand axe!
You closely miss Terence.
Terence is lightly wounded.
Terence closely misses you.
You barely miss Terence.
Terence is lightly wounded.
Terence zaps a wand.
The puff of flame hits you!
* * * LOW HITPOINT WARNING * * *
Terence barely misses you.
Really walk into that dispersal trap?
You enter a dispersal trap!
Terence blinks! x2; You blink.
Terence zaps a wand.
The puff of flame hits you!
You die...
Your body rises from the dead as a mindless zombie.

#. ###.#
#......#
#.>....#
#......###
#.......@# #
#......#.# #
#..(.@.#§# #
#......#.#######
#
#......§........
#.#
######.#..§.....
#.# #.#........
#.# #.#........
#.#####
#..........


You could see Terence.

Vanquished Creatures
  A gnoll (D:1)
  A dart slug (D:1)
  An orc (D:2)
  4 ball pythons
  6 bats (D:1)
  2 endoplasms (D:1)
  3 goblins
  2 hobgoblins (D:1)
  A quokka (D:1)
  3 frilled lizards
  2 kobolds (D:1)
  3 rats
29 creatures vanquished.

Notes
Turn   | Place    | Note
-------+----------+-------------------------------------------
     0 | D:1      | BinkBink the Demonspawn Gladiator began the quest for the
                  | Orb.
     0 | D:1      | Reached XP level 1. HP: 16/16 MP: 1/1
   213 | D:1      | Gained mutation: Spells you cast may paralyse adjacent
                  | enemies. [demonic ancestry]
   213 | D:1      | Reached XP level 2. HP: 10/22 MP: 2/2
   974 | D:1      | Reached XP level 3. HP: 12/27 MP: 3/3
  1354 | D:1      | Found a faded altar of an unknown god.
  1354 | D:1      | Noticed a smoke demon
  1363 | D:1      | Became a worshipper of Yredelemnul the Dark
  1363 | D:1      | Reached * piety under Yredelemnul
  1824 | D:2      | Noticed Terence
  1837 | D:2      | Killed from afar by Terence

Illustrated notes

Levels and vault maps discovered:
D:1:      dpeg_arrival_stone_temple_mockup, layout_basic,
          dreamdust_ecumenical_altar_sealed_demon
D:2:      layout_basic, serial_shops, nicolae_shop_trees, minmay_tiny_reverse_x,
          uniq_terence

Skill      XL: |  1  2 |
---------------+-------+-----
Dodging        | 3 |  3.0
Staves         | 3 |  3.4
Fighting       | |  2.0
Throwing       | |  1.9
Armour         | |  0.9
Stealth        | |  0.1

Action                   || total
-------------------------++-------
Melee: Quarterstaff      ||    86
 Stab: Sleeping          ||     1
Armor: Leather armour    ||    30
Dodge: Dodged            ||    64
